 Dungeon Crawl Stone Soup version 0.24-a0-516-g9de272bb65 (webtiles) character file.

Game seed: 17946944929811459946

58 Azzok the Shield-Bearer (level 4, -3/35 HPs)
             Began as a Formicid Fighter on July 21, 2019.
             Killed from afar by Sigmund (5 damage)
             ... with a puff of flame
             ... on level 2 of the Dungeon.
             The game lasted 00:01:54 (1312 turns).

Azzok the Shield-Bearer (Formicid Fighter)          Turns: 1312, Time: 00:01:55

Health: -3/35      AC:  9    Str: 22    XL:     4   Next: 21%
Magic:  4/4        EV:  6    Int:  7    God:
Gold:   71         SH: 10    Dex: 10    Spells: 3/3 levels left

rFire    . . .     SeeInvis +   a - +0 war axe
rCold    . . .     Gourm    .   c - +0 shield
rNeg     . . .     Faith    .   h - +0 chain mail
rPois    .         Spirit   .   (helmet unavailable)
rElec    .         Reflect  .   (no cloak)
rCorr    .         Harm     .   (no gloves)
MR       .....                  (no boots)
Stlth    ..........             (no amulet)
HPRegen  0.11/turn              (no ring)
MPRegen  0.09/turn              (no ring)

@: no status effects
A: permanent stasis, dig shafts and tunnels, four strong arms, antennae 3
a: Dig, Shaft Self


You were on level 2 of the Dungeon.
You were not hungry.

You visited 1 branch of the dungeon, and saw 2 of its levels.

You collected 71 gold pieces.

Inventory:

Hand Weapons
 a - a +0 war axe (weapon)
Missiles
 g - 4 poisoned darts (quivered)
Armour
 c - a +0 shield (worn)
 h - a +0 chain mail (worn)
Jewellery
 i - an uncursed amulet of guardian spirit {unknown}
Scrolls
 j - 2 scrolls of teleportation {unknown}
Potions
 b - a potion of magic {unknown}
 d - a potion of might
 e - a potion of berserk rage {unknown}
Comestibles
 f - 2 rations
 k - 2 chunks of flesh


   Skills:
 - Level 3.2 Fighting
 + Level 3.2 Axes
 - Level 3.2 Armour
 + Level 4.8 Shields


You had 3 spell levels left.
You didn't know any spells.
Your spell library was empty.

Dungeon Overview and Level Annotations

Branches:
Dungeon (2/15)

Altars:

Annotations:
D:2 Sigmund


Innate Abilities, Weirdness & Mutations

You cannot be hasted, slowed, berserked, paralysed or teleported.
You can dig through walls and to a lower floor.
Your four strong arms can wield two-handed weapons with a shield.
You have a pair of large antennae on your head. (SInv)


Message History

You closely miss the hobgoblin.
The hobgoblin hits you but does no damage.
Sigmund hits you with a +0 scythe.
* * * LOW HITPOINT WARNING * * *
The hobgoblin hits you but does no damage.
You closely miss the hobgoblin. Sigmund hits you but does no damage.
The hobgoblin hits you but does no damage.
The hobgoblin hits you but does no damage.
Sigmund gestures at you while chanting. You resist with some effort.
Sigmund hits you from afar with a +0 scythe.
* * * LOW HITPOINT WARNING * * *
The hobgoblin barely misses you. Sigmund completely misses you.
You feel less confused. The hobgoblin hits you with a +0 club.
* * * LOW HITPOINT WARNING * * *
Sigmund gestures at you while chanting. The puff of flame hits you.
You die...

·······@····▒▒▒▒▒▒(▒·▒▒········▒
·····················▒▒·▒▒··▒···
▒▒▒▒▒▒▒·▒···················▒···
········▒▒▒▒▒▒▒▒▒▒▒············
▒▒▒·········▒▒▒····)··▒·▒▒·····
··············▒·▒▒▒▒·······▒···
▒▒▒▒▒·▒▒▒▒▒·▒·▒··▒ ▒··▒·▒▒▒▒ ··
▒· ▒▒▒···▒··▒ ▒▒·▒·▒ · { ··
·······@·▒▒ ▒·▒·▒ ▒▒·
▒▒▒▒▒▒···<▒▒▒···▒▒▒▒·
▒····g@·(·†········
▒····▒·····(···>····▒▒
▒·▒▒·▒··············▒ ▒
▒·········(······▒
▒·▒▒········>····▒
▒·▒·········(▒▒▒▒▒ ▒
▒·▒········▒


You could see Sigmund (invisible) and a hobgoblin.

Vanquished Creatures
  A worker ant (D:2)
  An adder (D:2)
  A worm (D:1)
  A dart slug (D:1)
  A leopard gecko (D:1)
  A giant cockroach (D:1)
  A hobgoblin (D:1)
  3 kobolds
  A ball python (D:1)
  5 bats (D:1)
  4 goblins
  2 rats (D:2)
22 creatures vanquished.

Notes
Turn   | Place    | Note
-------+----------+-------------------------------------------
     0 | D:1      | Azzok the Formicid Fighter began the quest for the Orb.
     0 | D:1      | Reached XP level 1. HP: 18/18 MP: 1/1
   193 | D:1      | Reached XP level 2. HP: 24/24 MP: 2/2
   197 | D:1      | Reached skill level 4 in Shields
   989 | D:2      | Noticed Sigmund
  1151 | D:2      | Reached XP level 3. HP: 29/29 MP: 3/3
  1177 | D:2      | Reached XP level 4. HP: 35/35 MP: 4/4
  1312 | D:2      | Killed from afar by Sigmund

Levels and vault maps discovered:
D:1:      dpeg_arrival_more_subterranean_lakeside_camping, layout_loops_cross
D:2:      layout_basic, first_ration, lemuel_tele_altar, uniq_sigmund

Skill      XL: |  1  2  3 |
---------------+----------+-----
Shields        | 4 |  4.8
Axes           | 3 |  3.2
Fighting       | |  3.2
Armour         | |  3.2

Action                   |  1- 3 |  4- 6 || total
-------------------------+-------+-------++-------
Melee: War axe           |    43 |    21 ||    64
Throw: Dart              |       |     8 ||     8
  Eat: Chunk             |       |     1 ||     1
Armor: Scale mail        |     2 |       ||     2
       Chain mail        |    24 |    16 ||    40
Dodge: Dodged            |    13 |     9 ||    22
Block: Shield            |    24 |     4 ||    28

Table legend:
 A = Non-vault XP
 B = Vault XP
 C = Vault XP percentage of total XP
 D = Non-vault monster count
 E = Vault monster count
 F = Vault count percentage of total count
                 A         B        C        D         E       F
            +---------+---------+-------+---------+---------+-------
      Total |      84 |       0 |   0.0 |      22 |       0 |   0.0
            +---------+---------+-------+---------+---------+-------
        D:1 |      30 |       0 |   0.0 |      15 |       0 |   0.0
        D:2 |      54 |       0 |   0.0 |       7 |       0 |   0.0
            +---------+---------+-------+---------+---------+-------
